 Dungeon Crawl Stone Soup version 0.21-a0-229-g3587535 (webtiles) character file.

107 Pippin the Cudgeler (level 4, -1/30 HPs)
             Began as a Mummy Wanderer on Sept 1, 2017.
             Slain by Natasha (4 damage)
             ... on level 2 of the Dungeon.
             The game lasted 00:05:52 (7501 turns).

Pippin the Cudgeler (Mummy Wanderer)                Turns: 7501, Time: 00:05:53

Health: -1/30      AC:  3    Str: 17    XL:     4   Next: 57%
Magic:  8/8        EV: 11    Int: 11    God:
Gold:   65         SH:  8    Dex: 10    Spells: 8/8 levels left

rFire    x . .     SeeInvis .   g - +1 short sword (speed)
rCold    + . .     Gourm    .   a - +0 shield
rNeg     + + +     Faith    .   d - +0 robe
rPois    ∞         Spirit   .   (no helmet)
rElec    .         Reflect  .   (no cloak)
rCorr    .         Harm     .   (no gloves)
MR       .....                  l - +0 pair of boots
Stlth    ++........             (no amulet)
HPRegen  0.10/turn              c - +3 ring of evasion
MPRegen  0.11/turn              (no ring)

@: no status effects
A: no food or potions, fire vulnerability, cold resistance 1, negative energy
resistance 3, torment resistance, unbreathing
a: no special abilities


You were on level 2 of the Dungeon.
You were not hungry.

You visited 1 branch of the dungeon, and saw 2 of its levels.

You collected 65 gold pieces.

Inventory:

Hand Weapons
 f - a +0 mace
 g - a +1 short sword of speed (weapon)
Missiles
 i - a throwing net (quivered)
Armour
 a - a +0 shield (worn)
 d - a +0 robe (worn)
 l - a +0 pair of boots (worn)
Jewellery
 c - a +3 ring of evasion (left hand)
Scrolls
 e - a scroll of immolation {unknown}
 h - a scroll of amnesia {unknown}
 j - a scroll of teleportation {unknown}
 k - 2 scrolls of identify {unknown}
 m - a scroll of remove curse {unknown}
Books
 b - the Catalogue of Companions

   Spells                             Type                      Level
   a - Summon Small Mammal            Summoning                    1
   b - Summon Guardian Golem          Hexes/Summoning              3


   Skills:
 - Level 1.0 Short Blades
 + Level 3.2 Maces & Flails
 - Level 1.5 Stealth
 - Level 2.0 Shields
 - Level 2.6 Spellcasting
   Level 1.0 Hexes
   Level 1.5 Transmutations


You had 8 spell levels left.
You didn't know any spells.

Dungeon Overview and Level Annotations

Branches:
Dungeon (2/15)

Altars:
Ru

Annotations:
D:2 Natasha


Innate Abilities, Weirdness & Mutations

You do not eat or drink.
Your flesh is vulnerable to fire.
You are immune to poison.
Your flesh is cold resistant. (rC+)
You are immune to negative energy. (rN+++)
You are immune to unholy pain and torment.
You can survive without breathing.


Message History

* * * LOW HITPOINT WARNING * * *
You hit Natasha but do no damage.
Natasha is moderately wounded.
Natasha closely misses you.
You closely miss Natasha.
Natasha is moderately wounded.
You block Natasha's attack.
You hit Natasha.
Natasha is severely wounded.
Natasha closely misses you.
You barely miss Natasha.
Natasha is severely wounded.
You closely miss Natasha.
Natasha is severely wounded.
Natasha claws you.
* * * LOW HITPOINT WARNING * * *
You barely miss Natasha.
Natasha is severely wounded.
Natasha claws you.
You die...

..#######.#########
#.#######.########
..................
##.######.####################
.............................#
#...#...#.#################.##
#...#...#.# #.#
....#...#.############## #.#
###.....).......@h...... #.#
#..((.#.############## #.#
##.####.# #.# #.## #.# #.#
#..# #.# #.# ##.###.### #.#
#......... #.# ## #..#......
#.# .# #......### #.#


You could see Natasha.

Vanquished Creatures
  An orc wizard (D:2)
  An adder (D:1)
  An ooze (D:1)
  3 dart slugs
  4 bats
  5 giant cockroaches
  8 goblins
  12 hobgoblins
  8 jackals (D:1)
  A ball python (D:1)
  3 frilled lizards
  6 kobolds
  6 rats
59 creatures vanquished.

Notes
Turn   | Place    | Note
-------+----------+-------------------------------------------
     0 | D:1      | Pippin the Mummy Wanderer began the quest for the Orb.
     0 | D:1      | Pippin set off with: a +0 shield, the Catalogue of Companions, a +0 short sword, a +0 robe, a +0 dagger
     0 | D:1      | Reached XP level 1. HP: 13/13 MP: 4/4
     0 | D:1      | Identified the Catalogue of Companions
   301 | D:1      | Reached XP level 2. HP: 15/19 MP: 5/5
   399 | D:1      | Reached skill level 1 in Maces & Flails
   997 | D:1      | Reached XP level 3. HP: 22/24 MP: 7/7
  1042 | D:1      | Reached skill level 2 in Maces & Flails
  6130 | D:1      | Noticed a tengu reaver
  6153 | D:2      | Found a sacrificial altar of Ru.
  6174 | D:2      | Reached XP level 4. HP: 22/30 MP: 8/8
  6565 | D:2      | Reached skill level 3 in Maces & Flails
  7481 | D:2      | Noticed Natasha
  7501 | D:2      | Slain by Natasha

Vault maps used:
D:1:      onia_arrival_larder, minmay_tree_intersection
D:2:      nicolae_ru_great_annihilating_truth, uniq_natasha

Skill      XL: |  1  2  3  4 |
---------------+-------------+-----
Shields        | 2 |  2.0
Maces & Flails | 1 2 3 |  3.2
Short Blades   | |  1.0
Stealth        | |  1.5
Spellcasting   | |  2.6
Hexes          | |  1.0
Transmutations | |  1.5

Action                   |  1- 3 |  4- 6 || total
-------------------------+-------+-------++-------
Melee: Mace              |    41 |       ||    41
       Short sword       |    94 |   110 ||   204
 Stab: Sleeping          |     1 |     1 ||     2
       Paralysed         |       |     2 ||     2
Armor: Robe              |    15 |    10 ||    25
Dodge: Dodged            |    36 |    43 ||    79
Block: Shield            |    51 |    37 ||    88

Table legend:
 A = Spawn XP
 B = Non-spawn XP
 C = Spawn XP percentage of total XP
 D = Spawn monster count
 E = Non-spawn monster count
 F = Spawn count percentage of total count
 G = Total turns spent on level
                    A         B        C        D         E        F      G
               +---------+---------+-------+---------+---------+-------+---------
         Total |      40 |     114 |  26.0 |      16 |      43 |  27.1 |  7501
               +---------+---------+-------+---------+---------+-------+---------
           D:1 |      31 |      52 |  37.3 |      12 |      24 |  33.3 |  6131
           D:2 |       9 |      62 |  12.7 |       4 |      19 |  17.4 |  1370
               +---------+---------+-------+---------+---------+-------+---------
